 Dungeon Crawl Stone Soup version 0.19.0-24-gb05acd6 (webtiles) character file.

10175 Ladykiller69 the Grappler (level 11, 0/100 HPs)
             Began as a Troll Abyssal Knight on Nov 21, 2016.
             Was a High Priest of Lugonu.
             Slain by a minotaur
             ... wielding the +9 rapier of the Land of Plenty {antimagic, rF+ Str-4 Int+4 Dex+6 SInv}
              (5 damage)
             ... in a labyrinth on Nov 22, 2016.
             The game lasted 00:45:02 (8671 turns).

Ladykiller69 the Grappler (Troll Abyssal Knight)    Turns: 8671, Time: 00:45:03

Health: 0/100      AC:  7    Str: 22    XL:     11   Next: 32%
Magic:  0/15       EV: 20    Int:  8    God:    Lugonu [*****.]
Gold:   585        SH:  0    Dex: 17    Spells: 0 memorised, 10 levels left

rFire  . . .     SeeInvis .       - Unarmed
rCold  . . .     Gourm    +     M - +0 troll leather armour
rNeg   . . .     Faith    .     (no shield)
rPois  .         Spirit   .     (helmet restricted)
rElec  .         Reflect  .     (no cloak)
rCorr  .         Harm     .     (gloves unavailable)
MR     .....                    (boots unavailable)
Stlth  ++........               (no amulet)
                                p - ring of wizardry
                                e - ring of wizardry

@: agile
A: unfitting armour, claws 3, fast metabolism 3, gourmand, regeneration 1,
shaggy fur 1, tough skin 2
a: Depart the Abyss, Bend Space, Banish, Corrupt, Enter the Abyss, Renounce
Religion


You were in a labyrinth.
You worshipped Lugonu.
Lugonu was extremely pleased with you.
You were full.

You visited 1 branch of the dungeon, and saw 11 of its levels.
You visited the Abyss 1 time.
You also visited: Labyrinth.

You collected 585 gold pieces.

Inventory:

Hand Weapons
 E - a +3 vampiric hand axe
Missiles
 g - 407 stones
 n - 18 tomahawks (quivered)
 D - 4 exploding tomahawks
Armour
 a - a +0 robe
 u - the +1 robe of Majeasim {rC+ Str+3}
   (You found it on level 4 of the Dungeon)

   It affects your strength (+3).
   It protects you from cold.
 M - a +0 troll leather armour (worn)
Magical Staves
 I - an uncursed staff of conjuration
 L - an uncursed staff of power
Jewellery
 e - a ring of wizardry (left claw)
 p - a ring of wizardry (right claw)
 G - a +3 ring of intelligence {unknown}
 J - the ring "Kijona" {rElec rC+ MR- EV+1 Dex+2, unknown}
   (You found it on level 8 of the Dungeon)

   [ring of evasion]

   It affects your evasion (+1).
   It affects your dexterity (+2).
   It protects you from cold.
   It insulates you from electricity.
   It affects your resistance to hostile enchantments.
 N - an uncursed ring of ice {unknown}
 T - an uncursed ring of poison resistance {unknown}
Wands
 A - a wand of random effects (21/48)
 P - a wand of flame (32/48)
 Q - a wand of flame (33/48)
Scrolls
 d - 4 scrolls of identify
 h - 3 scrolls of noise
 i - 2 scrolls of fog
 j - a scroll of immolation
 l - 8 scrolls of remove curse
 r - a scroll of enchant weapon
 s - 2 scrolls of blinking
 v - 3 scrolls of fear {unknown}
 w - 3 scrolls of recharging {unknown}
 y - 4 scrolls of teleportation {unknown}
 C - 3 scrolls of amnesia {unknown}
 O - a scroll of enchant armour {unknown}
Potions
 f - 2 potions of degeneration
 k - 4 potions of magic {unknown}
 o - 2 potions of curing {unknown}
 q - a potion of haste {unknown}
 z - a potion of brilliance {unknown}
 K - a potion of agility
 S - a potion of might {unknown}
 U - a potion of resistance {unknown}
Books
 B - Vehumet's Volume of the End
   (You found it on level 4 of the Dungeon)

   Spells                             Type                      Level
   a - Magic Dart                     Conjuration                  1
 H - a book of Minor Magic

   Spells                             Type                      Level
   a - Magic Dart                     Conjuration                  1
   b - Blink                          Translocation                2
   c - Call Imp                       Summoning                    2
   d - Repel Missiles                 Charms/Air                   2
   e - Slow                           Hexes                        2
   f - Conjure Flame                  Conjuration/Fire             3
   g - Mephitic Cloud                 Conjuration/Poison/Air       3
Comestibles
 b - 11 bread rations
 c - 6 meat rations
 m - a slice of pizza
 x - a royal jelly
 F - 2 beef jerkies
 V - 21 fruits


   Skills:
 - Level 4.1 Fighting
 * Level 9.1 Dodging
 * Level 11.4 Unarmed Combat
 + Level 7.6 Invocations


You had 10 spell levels left.
You didn't know any spells.

Dungeon Overview and Level Annotations

Branches:
Dungeon (11/15)            Temple (0/1) D:5            Lair (0/6) D:9
    Orc: D:9-12

Altars:
Dithmenos
Kikubaaqudgha
Makhleb
Nemelex Xobeh
Okawaru
Sif Muna
Vehumet
Yredelemnul
Zin
The Shining One

Shops:
D:5 *   D:9 [

Annotations:
D:8 Gastronok


Innate Abilities, Weirdness & Mutations

You are too large for most types of armour.
You have claws for hands.
Your metabolism is lightning-fast.
You like to eat raw meat.
Your natural rate of healing is unusually fast.
You are covered in fur. (AC +1)
You have very tough skin. (AC +2)


Message History

The minotaur is moderately wounded.
The minotaur closely misses you. The minotaur gores you.
You scratch the minotaur but do no damage.
The minotaur is moderately wounded.
The minotaur hits you with a polished rapier {antimagic}!
The minotaur gores you but does no damage.
You claw the minotaur!
The minotaur is moderately wounded.
The minotaur hits you with a polished rapier {antimagic}!
The minotaur closely misses you.
You scratch the minotaur but do no damage.
The minotaur is moderately wounded.
You mangle the minotaur!!
The minotaur is severely wounded.
The minotaur hits you with a polished rapier {antimagic}!!
* * * LOW HITPOINT WARNING * * *
The minotaur gores you but does no damage.
You feel agile all of a sudden.
The minotaur hits you with a polished rapier {antimagic}.
You die...

#...#.#########
#.# .# #.#..
#.# #.#.###
#.#...# #.#.#.#
# # #.#...# #
.. #.#...#
#.#.# # #.# #.#
#. .. . #...#.#
.# ####@# #.# .
#...H.....#
.### #
#.######### #.
. #.#. # ## ##
.. . . ...## #
. . . ... # # #
# # # . #


You could see a minotaur.

Vanquished Creatures
  Erica (D:10)
  The ghost of Pihi the Slinger, a novice HaHu of Okawaru (D:6)
  Psyche (D:8)
  Joseph (D:7)
  2 trolls (D:9)
  2 two-headed ogres
  A hornet (D:9)
  2 hippogriffs
  4 yaks (D:9)
  A hungry ghost (D:8)
  The ghost of Monsterracer the Poker, an amateur MfSk (D:4)
  3 sky beasts
  8 orc warriors
  An eye of draining (D:9)
  A hornet zombie (D:10)
  3 ice beasts
  A necrophage (D:11)
  2 phantoms
  6 ogres
  3 centaurs
  A big kobold (D:10)
  4 bullfrogs
  A gnoll sergeant (D:8)
  4 scorpions
  18 wights
  3 electric eels
  3 howler monkeys (D:10)
  8 crimson imps
  10 hounds
  A bullfrog zombie (D:11)
  2 jellies (D:8)
  14 orc wizards
  10 orc priests
  A bullfrog skeleton (D:10)
  Natasha (twice) (D:4)
  An iguana (D:10)
  4 worker ants
  Robin (D:3)
  5 gnolls
  10 adders
  2 howler monkey skeletons
  2 shadow imps (D:7)
  An ooze (D:1)
  2 adder zombies (D:5)
  3 worms
  2 dart slugs (D:2)
  6 leopard geckos
  30 orcs
  5 giant cockroaches
  13 goblins
  11 hobgoblins
  18 jackals
  8 kobolds
  5 quokkas
  2 ball pythons (D:1)
  A bat (D:1)
  4 frilled lizards
  11 rats
274 creatures vanquished.

Vanquished Creatures (others)
  A tengu conjurer (D:10)
  A jackal (D:9)
  3 plants
5 creatures vanquished.

Grand Total: 279 creatures vanquished

Notes
Turn   | Place    | Note
-------+----------+-------------------------------------------
     0 | Abyss:1  | Ladykiller69 the Troll Abyssal Knight began the quest for the Orb.
     0 | Abyss:1  | Reached XP level 1. HP: 22/22 MP: 1/1
    22 | D:1      | Escaped the Abyss
    74 | D:1      | Reached XP level 2. HP: 25/29 MP: 2/2
   303 | D:1      | Reached ** piety under Lugonu
   341 | D:1      | Reached XP level 3. HP: 36/36 MP: 3/3
   613 | D:2      | Reached skill level 3 in Unarmed Combat
   613 | D:2      | Reached XP level 4. HP: 42/44 MP: 4/4
   679 | D:2      | Found a sparkling altar of Nemelex Xobeh.
  1489 | D:3      | Reached XP level 5. HP: 52/53 MP: 5/5
  1552 | D:3      | Noticed Robin
  1558 | D:3      | Reached *** piety under Lugonu
  1562 | D:3      | Killed Robin
  2003 | D:4      | Got a crude robe
  2014 | D:4      | Identified the +1 robe of Majeasim {rC+ Str+3} (You found it on level 4 of the Dungeon)
  2040 | D:4      | Noticed an ogre
  2049 | D:4      | Killed an ogre
  2049 | D:4      | Reached skill level 4 in Unarmed Combat
  2049 | D:4      | Reached XP level 6. HP: 34/61 MP: 7/7
  2200 | D:4      | Noticed Monsterracer's ghost (amateur MfSk)
  2633 | D:4      | Noticed Natasha
  2647 | D:4      | Killed Natasha
  2689 | D:4      | Found an ancient bone altar of Kikubaaqudgha.
  2690 | D:4      | Found a deep blue altar of Sif Muna.
  2692 | D:4      | Found a radiant altar of Vehumet.
  2696 | D:4      | Identified Vehumet's Volume of the End
  2722 | D:4      | Noticed Natasha
  2744 | D:4      | Killed Natasha
  2900 | D:4      | Killed Monsterracer's ghost
  2900 | D:4      | Reached skill level 5 in Unarmed Combat
  2900 | D:4      | Reached XP level 7. HP: 57/68 MP: 8/8
  2956 | D:5      | Entered Level 5 of the Dungeon
  3245 | D:5      | Found Cedug's Assorted Antiques.
  3575 | D:5      | Found a staircase to the Ecumenical Temple.
  3631 | D:6      | Reached skill level 6 in Unarmed Combat
  3656 | D:6      | Reached XP level 8. HP: 78/78 MP: 10/10
  3657 | D:6      | Noticed Pihi's ghost (novice HaHu)
  3693 | D:6      | Killed Pihi's ghost
  3693 | D:6      | Reached skill level 7 in Unarmed Combat
  3727 | D:6      | Reached skill level 5 in Dodging
  3868 | D:6      | Reached **** piety under Lugonu
  4033 | D:6      | Reached skill level 5 in Invocations
  4052 | D:6      | Reached XP level 9. HP: 84/84 MP: 11/11
  4553 | D:7      | Reached skill level 8 in Unarmed Combat
  4641 | D:7      | Found a basalt altar of Yredelemnul.
  4641 | D:7      | Found an iron altar of Okawaru.
  4819 | D:7      | Found a shadowy altar of Dithmenos.
  4891 | D:7      | Noticed Joseph
  4911 | D:7      | Killed Joseph
  5155 | D:7      | Found a burning altar of Makhleb.
  5159 | D:7      | Found a glowing silver altar of Zin.
  5159 | D:7      | Noticed a cacodemon
  5160 | D:7      | Noticed an angel
  5276 | D:8      | Got a scintillating tin ring
  5301 | D:8      | Reached skill level 9 in Unarmed Combat
  5481 | D:8      | Noticed Psyche
  5487 | D:8      | Killed Psyche
  5487 | D:8      | Reached XP level 10. HP: 67/92 MP: 13/13
  5962 | D:8      | Noticed Gastronok
  6070 | D:8      | Found a glowing silver altar of Zin.
  6194 | D:8      | Found a glowing golden altar of the Shining One.
  6216 | D:9      | Reached skill level 10 in Unarmed Combat
  6326 | D:9      | Found Etohuopn's Armour Emporium.
  6353 | D:9      | Reached ***** piety under Lugonu
  7055 | D:9      | Found a staircase to the Lair.
  7255 | D:9      | Reached XP level 11. HP: 17/100 MP: 8/15
  7300 | D:10     | Entered Level 10 of the Dungeon
  7450 | D:10     | Reached skill level 11 in Unarmed Combat
  7912 | D:10     | Noticed Erica
  7930 | D:10     | Killed Erica
  8039 | D:10     | HP: 1/100 [something (25)]
  8380 | D:11     | Found a labyrinth entrance.
  8388 | Lab      | Entered a labyrinth
  8660 | Lab      | Noticed a minotaur
  8670 | Lab      | HP: 4/100 [minotaur/polished rapier {antimagic} (31)]
  8671 | Lab      | Identified the +9 rapier of the Land of Plenty {antimagic, rF+ Str-4 Int+4 Dex+6 SInv}
  8671 | Lab      | Slain by a minotaur

Skill      XL: |  1  2  3  4  5  6  7  8  9 10 11 |
---------------+----------------------------------+-----
Dodging        | 2 3 5 7 8 9 |  9.1
Invocations    | 2 3 4 5 6 7 |  7.6
Unarmed Combat | 3 4 5 6 7 9 10 11 | 11.4
Fighting       | 3 4 |  4.1

Action                   |  1- 3 |  4- 6 |  7- 9 | 10-12 || total
-------------------------+-------+-------+-------+-------++-------
Melee: Unarmed           |    98 |   208 |   260 |   433 ||   999
       Punch             |     1 |     2 |    10 |    23 ||    36
Throw: Tomahawk          |       |     7 |     6 |     7 ||    20
Invok: Banish            |       |       |       |     1 ||     1
  Use: Scroll            |       |       |       |     8 ||     8
       Potion            |       |       |       |     1 ||     1
 Stab: Sleeping          |       |     2 |       |       ||     2
       Distracted        |       |       |     1 |     1 ||     2
  Eat: Chunk             |    11 |    21 |    22 |    36 ||    90
Armor: Robe              |    49 |    59 |    42 |    45 ||   195
       Troll leather arm |       |       |       |    36 ||    36
Dodge: Dodged            |    59 |    91 |   102 |   200 ||   452
